 Dungeon Crawl Stone Soup version 0.31-a0-217-g58bb5d79cf (webtiles) character file.

Game seed: 16186883035058765673

1811 CoinPitGoblin the Vexing (level 8, -10/58 HPs)
             Began as a Demonspawn Enchanter on July 3, 2023.
             Was an Initiate of Sif Muna.
             Mangled by a wyvern (18 damage)
             ... on level 7 of the Dungeon.
             The game lasted 00:34:27 (8194 turns).

CoinPitGoblin the Vexing (Demonspawn Enchanter)     Turns: 8194, Time: 00:34:27

Health: -10/58     AC:  5    Str: 11    XL:     8   Next: 84%
Magic:  15/17      EV: 13    Int: 21    God:    Sif Muna [......]
Gold:   263        SH:  0    Dex: 14    Spells: 7/19 levels left

rFire   + + .        a - +5 dagger "Geh Xoih" {pain, Str+3 Int+2}
rCold   . . .        (no shield)
rNeg    . . .        n - +0 robe
rPois   .            (helmet restricted)
rElec   .            t - scarf {rC+ rF+}
rCorr   .            (no gloves)
SInv    +            r - +2 pair of boots
Will    .....        g - amulet of magic regeneration
Stlth   ++           x - ring of see invisible
HPRegen 0.29/turn    u - ring of fire
MPRegen 0.55/turn

%: no passive effects
@: mighty
A: antennae 1, claws 1, powered by pain 1, spiny 1
a: Renounce Religion


You were on level 7 of the Dungeon.
You worshipped Sif Muna.
Sif Muna was noncommittal.
You visited 2 branches of the dungeon, and saw 9 of its levels.

You collected 396 gold pieces.
You spent 133 gold pieces at shops.

Inventory:

Hand Weapons
 a - the +5 dagger "Geh Xoih" (weapon) {pain, Str+3 Int+2}
   (You bought it in a shop on level 4 of the Dungeon)

   Str:       It affects your strength (+3).
   Int:       It affects your intelligence (+2).
 b - a +3 heavy sling
 p - a +2 dagger
 q - a +5 rapier
 w - a +1 dagger of venom
 z - a +2 short sword of draining
Missiles
 s - 2 throwing nets
Armour
 n - a +0 robe (worn)
 r - a +2 pair of boots (worn)
 t - a scarf of resistance (worn)
 B - +0 shadow dragon scales
Jewellery
 g - an amulet of magic regeneration (around neck)
 u - a ring of fire (right claw)
 x - a ring of see invisible (left claw)
 A - an amulet of guardian spirit
Wands
 o - a wand of polymorph (13)
 v - a wand of mindburst (9)
 C - a wand of flame (13)
Scrolls
 f - 2 scrolls of teleportation
 h - 3 scrolls of enchant weapon
 i - a scroll of revelation
 y - a scroll of identify
Potions
 c - 2 potions of degeneration
 d - 3 potions of mutation
 e - 2 potions of heal wounds {unknown}
 j - a potion of might {unknown}
 k - 2 potions of enlightenment {unknown}
 l - a potion of haste {unknown}


   Skills:
 + Level 3.0 Fighting
 + Level 4.1 Short Blades
 + Level 3.6 Dodging
 - Level 2.6 Stealth
 + Level 6.0 Spellcasting
 + Level 6.6 Hexes
 + Level 2.7 Air Magic


You had 7 spell levels left.
You knew the following spells:

 Your Spells              Type           Power      Damage    Failure   Level
a - Inner Flame           Hex/Fire       30%        N/A       8%          3
q - Confusing Touch       Hex            34%        N/A       1%          3
x - Tukima's Dance        Hex            34%        N/A       1%          3
z - Swiftness             Air            17%        N/A       10%         3

Your spell library contained the following spells:

 Spells                   Type           Power      Damage    Failure   Level
 Ensorcelled Hibernation  Hex/Ice        40%        N/A       3%          2
 Shock                    Conj/Air       48%        1d6       5%          1
 Dazzling Flash           Conj/Hex       40%        N/A       8%          3
 Poisonous Vapours        Pois/Air       24%        N/A       9%          2
 Static Discharge         Conj/Air       24%        2-3/arc   9%          2
 Kiss of Death            Conj/Necr      24%        2d7       10%         1
 Mephitic Cloud           Conj/Pois/Air  10%        N/A       21%         3
 Airstrike                Air            8%         2d(2-18)  32%         4
 Summon Lightning Spire   Summ/Air       12%        N/A       50%         4
 Dispel Undead            Necr           6%         3d8       67%         4
 Flame Wave               Conj/Fire      9%         2d6       67%         4
 Sticky Flame             Conj/Fire      9%         2d3       67%         4
 Freezing Cloud           Conj/Ice/Air   5%         6-21      88%         5


Dungeon Overview and Level Annotations

Branches:
Dungeon (8/15)             Temple (1/1) D:7            Lair (0/5) D:8

Altars:
Ashenzari
Cheibriados
Dithmenos
Fedhas
Gozag
Hepliaklqana
Makhleb
Nemelex Xobeh
Okawaru
Qazlal
Ru
Sif Muna
Trog
Uskayaw
Vehumet
Wu Jian
Xom
Yredelemnul

Shops:
D:2 [   D:4 *=((


Innate Abilities, Weirdness & Mutations

You have a pair of small antennae on your head.
You have sharp fingernails.
You sometimes gain a little power by taking damage.
You are partially covered in sharp spines.


Message History

The gnoll hits your +0 spear with a +0 halberd.
Things that are here:
a +0 spear; a gnoll corpse The gnoll attacks as you move away!
The gnoll is struck by your spines. The gnoll hits you but does no damage.
The wyvern bites you!
* * * LOW HITPOINT WARNING * * *
Okay, then.
You feel better.
The wyvern bites you but does no damage.
Something hits the gnoll.
The wyvern is struck by your spines.
The wyvern bites you but does no damage.
The wyvern attacks as you move away! The wyvern bites you!
* * * LOW HITPOINT WARNING * * *
You focus on the pain.
You feel very mighty all of a sudden. The wyvern closely misses you.
There is a stone staircase leading up here.
The wyvern bites you.
* * * LOW HITPOINT WARNING * * *
You climb upwards.
There is a stone staircase leading down here.
Casting: Tukima's Dance (safe; 1% risk of failure)
Confirm with . or Enter, or press ? or * to list all spells.
Okay, then.
Okay, then.
Okay, then.
Okay, then.
Casting: Confusing Touch (safe; 1% risk of failure)
Press: ? - help, Q - select action, (/) - cycle Dir - look around, f - activate
Okay, then.
Casting: Confusing Touch (safe; 1% risk of failure)
Press: ? - help, Q - select action, (/) - cycle Dir - look around, f - activate Your claws begin to glow red.
The wyvern barely misses you. x2
You are too injured to fight recklessly!
You hit the wyvern but do no damage.
The wyvern appears confused.
The wyvern is lightly wounded.
The wyvern is struck by your spines. The wyvern bites you!!
You die...

##.#############
##..............########
#.......(............... #####
#.#.###.#####.#.........
#...######### #.##....########..
#.......#≈≈≈###.##.##.# #..
#...#####§§§#......##.# ##.
##.###..#≈.≈###.#...#.# #.
##.###..#§.≈# #@......# #.
##...##..#≈.≈###l......# #.
.........#≈§§#..###.#..#########.
##....#..#§.≈#......##...........
##########§#####################
#≈≈§≈≈≈≈##.##§≈≈≈≈§§# #
#≈§§.§....8......§.§# #
#§§≈≈≈≈≈##.##§§≈§≈≈≈# #
##########.########## #


You could see a wyvern (confused).

Vanquished Creatures
  The ghost of hitsuchi the Cleaver, a novice MeCA of Ignis (D:7)
  Maggie (D:7)
  An ice beast (D:7)
  A phantom (D:7)
  A kobold brigand (D:7)
  3 scorpions
  A lava snake (D:7)
  4 hounds
  An orc priest (D:7)
  A sleepcap (D:7)
  3 iguanas
  An orc wizard (D:7)
  8 gnolls
  6 adders
  A shadow imp (D:6)
  A white imp (D:6)
  An ufetubus (D:7)
  2 worms (D:5)
  2 dart slugs (D:1)
  11 orcs
  5 endoplasms
  5 giant cockroaches
  5 goblins
  8 hobgoblins
  5 jackals
  12 kobolds
  3 quokkas (D:4)
  7 ball pythons
  7 bats
  5 frilled lizards
  5 rats (D:1)
118 creatures vanquished.

Vanquished Creatures (collateral kills)
  A gnoll (D:8)
1 creature vanquished.

Vanquished Creatures (others)
  2 dancing weapons (D:8)
2 creatures vanquished.

Grand Total: 121 creatures vanquished

Notes
Turn   | Place    | Note
-------+----------+-------------------------------------------
     0 | D:1      | CoinPitGoblin the Demonspawn Enchanter began the quest for
                  | the Orb.
     0 | D:1      | Reached XP level 1. HP: 13/13 MP: 3/3
   112 | D:1      | Reached skill level 1 in Short Blades
   210 | D:1      | Discovered your monstrous ancestry.
   210 | D:1      | Gained mutation: You have sharp fingernails. [demonic
                  | ancestry]
   210 | D:1      | Reached XP level 2. HP: 19/19 MP: 5/5
   433 | D:1      | Reached XP level 3. HP: 11/24 MP: 6/6
   740 | D:1      | Learned a level 3 spell: Confusing Touch
  1990 | D:2      | You fall into a shaft and drop 1 floor!
  2193 | D:2      | Found Qosige's Antique Armour Boutique.
  2869 | D:3      | Reached XP level 4. HP: 24/31 MP: 7/7
  2931 | D:3      | Found a faded altar of an unknown god.
  3288 | D:3      | Found an iron altar of Okawaru.
  3426 | D:4      | Identified a scroll of acquirement
  3426 | D:4      | Acquired a +5 rapier
  3468 | D:4      | Found Fitazxele's Antique Weapon Shop.
  3474 | D:4      | Bought a bone dagger for 133 gold pieces
  3474 | D:4      | Identified the +5 dagger "Geh Xoih" {pain, Str+3 Int+2}
                  | (You bought it in a shop on level 4 of the Dungeon)
  3696 | D:4      | Found Gohoruucs's Assorted Antiques.
  3770 | D:4      | Reached XP level 5. HP: 29/36 MP: 7/9
  3869 | D:4      | Reached skill level 1 in Fighting
  3991 | D:4      | Found Tekoz's Antique Weapon Emporium.
  4044 | D:4      | Found Dohax's Jewellery Boutique.
  4110 | D:5      | Entered Level 5 of the Dungeon
  4400 | D:5      | Noticed a centaur
  4412 | D:5      | a centaur changed into a worm
  4597 | D:5      | Learned a level 3 spell: Tukima's Dance
  4601 | D:5      | Learned a level 3 spell: Swiftness
  4735 | D:5      | Gained mutation: You have a pair of small antennae on your
                  | head. [demonic ancestry]
  4735 | D:5      | Reached XP level 6. HP: 43/43 MP: 10/10
  4894 | D:5      | Reached skill level 1 in Air Magic
  5489 | D:6      | Learned a level 3 spell: Inner Flame
  5512 | D:6      | Gained mutation: You are partially covered in sharp spines.
                  | [demonic ancestry]
  5512 | D:6      | Reached XP level 7. HP: 50/50 MP: 12/12
  5996 | D:7      | Reached skill level 5 in Hexes
  6150 | D:7      | Noticed Maggie
  6167 | D:7      | Killed Maggie
  6415 | D:7      | Gained mutation: You sometimes gain a little power by
                  | taking damage. [demonic ancestry]
  6415 | D:7      | Reached XP level 8. HP: 57/57 MP: 14/14
  6450 | D:7      | Found a staircase to the Ecumenical Temple.
  6558 | Temple   | Entered the Ecumenical Temple
  6757 | Temple   | Became a worshipper of Sif Muna the Loreminder
  7016 | D:7      | Reached skill level 5 in Spellcasting
  7342 | D:7      | Found a large runed translucent door.
  7342 | D:7      | Found a large runed translucent door.
  7344 | D:7      | Noticed hitsuchi's ghost (novice MeCA)
  7815 | D:7      | Killed hitsuchi's ghost
  8029 | D:8      | Found a staircase to the Lair.
  8194 | D:7      | Mangled by a wyvern

Illustrated notes

Levels and vault maps discovered:
D:1:      psy_arrival_conway, layout_basic, chequers_big_river,
          amethyst_killhole
D:2:      layout_basic, serial_shops, shop_fountains
D:3:      layout_basic, okawaru_ov_weapons_minmay, ebering_ecumenical_altar_hall
D:4:      layout_cave_pools, serial_shops, shop, shop, nicolae_shop_trees,
          nicolae_shop_real_fake_doors
D:5:      layout_gridville
D:6:      layout_rooms
D:7:      layout_loops_ring, minmay_temple_entry_purple_smoke,
          ebering_ghost_disaster_area, kennysheep_cross_bottleneck, uniq_maggie
D:8:      layout_cave_pools, lair_entry_dummy, st_stairs_8,
          amcnicky_mini_pool_small
Temple:   nicolae_temple_slightly_damp_pantheon

Skill      XL: |  1  2  3  4  5  6  7  8 |
---------------+-------------------------+-----
Short Blades   | 1 2 3 4 |  4.1
Dodging        | 2 3 |  3.6
Hexes          | 4 5 6 |  6.6
Fighting       | 1 2 3 |  3.0
Spellcasting   | 3 4 6 |  6.0
Air Magic      | 1 2 |  2.7
Stealth        | |  2.6

Action                     |  1- 3 |  4- 6 |  7- 9 || total
---------------------------+-------+-------+-------++-------
  Melee: Dagger            |   206 |    23 |    76 ||   305
         Punch             |     1 |     2 |     2 ||     5
         Rapier            |       |    92 |    41 ||   133
   Fire: Sling             |       |    53 |    10 ||    63
   Cast: Confusing Touch   |     8 |    16 |    21 ||    45
         Inner Flame       |       |       |     7 ||     7
         Tukima's Dance    |       |       |     7 ||     7
         Swiftness         |       |       |     1 ||     1
  Evoke: Wand              |       |     1 |       ||     1
    Use: Scroll            |     4 |     4 |     4 ||    12
         Potion            |     1 |     4 |     3 ||     8
   Stab: Sleeping          |     2 |     1 |       ||     3
         Confused          |     1 |     6 |    12 ||    19
         Invisible         |       |     2 |       ||     2
 Armour: Robe              |    43 |    18 |    28 ||    89
  Dodge: Dodged            |   149 |    76 |    47 ||   272

Table legend: (Time is in decaauts)
 A = Elapsed time spent in this place.
 B = Non-inter-level travel time spent in this place.
 C = Inter-level travel time spent in this place.
 D = Time resting spent in this place.
 E = Time spent auto-exploring this place.
 F = Levels seen in this place.
 G = Mean time per level.
                   A        B        C        D        E       F      G
               +--------+--------+--------+--------+--------+-----+--------+
         Total |   8246 |   7572 |    674 |   1002 |   4435 |   9 |  916.2 |
       Dungeon |   8032 |   7394 |    638 |   1002 |   4324 |   8 | 1004.0 |
        Temple |    213 |    177 |     36 |      0 |    111 |   1 |  213.0 |
               +--------+--------+--------+--------+--------+-----+--------+

Top non-repeatable levels by time:
     D:7: 1914 daAuts
     D:1: 1598 daAuts
     D:2: 1242 daAuts
     D:5: 1147 daAuts
     D:4: 778 daAuts
     D:6: 645 daAuts
     D:3: 597 daAuts
  Temple: 213 daAuts
     D:8: 108 daAuts
